 Dungeon Crawl Stone Soup version 0.24.0-123-gd5b16e6ec5 (webtiles) character file.

Game seed: 3479938879687490084, levelgen mode: deterministic

32 ReteAZ the Chucker (level 3, -1/33 HPs)
             Began as a Troll Hunter on Dec 30, 2019.
             Was an Initiate of the Shining One.
             Slain by Crazy Yiuf
             ... wielding a +4 quarterstaff of chaos
              (9 damage)
             ... on level 2 of the Dungeon.
             The game lasted 00:01:28 (1004 turns).

ReteAZ the Chucker (Troll Hunter)                   Turns: 1004, Time: 00:01:28

Health: -1/33      AC:  6    Str: 20    XL:     3   Next: 10%
Magic:  2/2        EV: 10    Int:  7    God:    the Shining One [......]
Gold:   101        SH:  0    Dex: 11    Spells: 2/2 levels left

rFire    . . .     SeeInvis .   a - +0 short sword
rCold    . . .     Gourm    +   (no shield)
rNeg     . . .     Faith    .   b - +0 robe
rPois    .         Spirit   .   (helmet restricted)
rElec    .         Reflect  .   (no cloak)
rCorr    .         Harm     .   (gloves unavailable)
MR       .....                  (boots unavailable)
Stlth    +.........             (no amulet)
HPRegen  0.51/turn              (no ring)
MPRegen  0.08/turn              (no ring)

@: confused, glowing, lightly drained
A: large, unfitting armour, claws 3, fast metabolism 3, gourmand, regeneration
1, shaggy fur 1, tough skin 3
a: Renounce Religion


You were on level 2 of the Dungeon.
You worshipped the Shining One.
The Shining One was noncommittal.
You were full.

You visited 1 branch of the dungeon, and saw 2 of its levels.

You collected 101 gold pieces.

Inventory:

Hand Weapons
 a - a +0 short sword (weapon)
Missiles
 c - 5 large rocks (quivered)
 d - 2 throwing nets
Armour
 b - a +0 robe (worn)
Jewellery
 g - an uncursed ring of magical power {unknown}
 h - a cursed ring of attention {unknown}
Scrolls
 e - a scroll of noise {unknown}
 j - 2 scrolls of identify {unknown}
 l - 2 scrolls of immolation {unknown}
Comestibles
 f - 4 rations


   Skills:
 - Level 1.5(1.3) Fighting
 + Level 2.3(2.0) Short Blades
 - Level 3.6(3.3) Throwing
 - Level 1.5(1.3) Dodging
 - Level 0.3(0.1) Stealth


You had 2 spell levels left.
You didn't know any spells.
Your spell library was empty.

Dungeon Overview and Level Annotations

Branches:
Dungeon (2/15)

Altars:
Gozag
The Shining One

Annotations:
D:2 Crazy Yiuf


Innate Abilities, Weirdness & Mutations

You are too large for most types of armour.
You have claws for hands.
Your metabolism is lightning-fast.
You like to eat raw meat.
Your natural rate of healing is unusually fast.
You are covered in fur. (AC +1)
You have extremely tough skin. (AC +3)


Message History

Crazy Yiuf is lightly wounded.
Crazy Yiuf hits you with a +4 quarterstaff of chaos!
Crazy Yiuf burns you.
You hit Crazy Yiuf.
Crazy Yiuf is moderately wounded.
Crazy Yiuf hits you with a +4 quarterstaff of chaos.
You feel drained.
You hit Crazy Yiuf.
Crazy Yiuf is moderately wounded.
Crazy Yiuf grits, "Mama!"
Crazy Yiuf hits you with a +4 quarterstaff of chaos.
* * * LOW HITPOINT WARNING * * *
Crazy Yiuf burns you.
* * * LOW HITPOINT WARNING * * *
It was a potion of magic.
Magic courses through your body.
It was a potion of ambrosia.
You are confused.
You feel invigorated.
Crazy Yiuf hits you with a +4 quarterstaff of chaos!
You die...

.....'...+......÷.........#
#....
#....#...#############....#
##... #....#...# #....#
#.#. #....#..## ###..# #.#.
#....#### #.#####.#. '....#
###♣♣♣♣♣ #.#.....#.
#....###....♣.♣♣♣ ###
#.#.#####.
#..........).♣..♣#...#
#..^#####.
######......♣♣♣♣@g...#
##.....##. ##....♣♣ ♣♣#..)#
#.###.##. ####♣♣ ### #.#
#.##. ##.###.... #..#...##.
###......+.. #...#....##.
#...#..####.
#####...#..####.


You could see Crazy Yiuf.

Vanquished Creatures
  An adder (D:2)
  2 dart slugs (D:1)
  A giant cockroach (D:1)
  2 goblins (D:2)
  5 hobgoblins (D:1)
  A jackal (D:2)
  2 bats (D:1)
  A frilled lizard (D:1)
  A kobold (D:1)
  3 rats
19 creatures vanquished.

Notes
Turn   | Place    | Note
-------+----------+-------------------------------------------
     0 | D:1      | ReteAZ the Troll Hunter began the quest for the Orb.
     0 | D:1      | Reached XP level 1. HP: 19/19 MP: 0/0
    71 | D:1      | Reached skill level 1 in Short Blades
    73 | D:1      | Reached XP level 2. HP: 27/27 MP: 1/1
   187 | D:1      | Found a glowing golden altar of the Shining One.
   238 | D:1      | Became a worshipper of the Shining One
   716 | D:2      | Found an opulent altar of Gozag.
   806 | D:2      | Reached XP level 3. HP: 26/33 MP: 2/2
   963 | D:2      | Found a runed translucent door.
   964 | D:2      | Noticed Crazy Yiuf
  1004 | D:2      | Slain by Crazy Yiuf

Levels and vault maps discovered:
D:1:      minmay_arrival_glassed_features, layout_basic, tso_metal_star
D:2:      layout_basic, marbit_many_paths,
          chequers_temple_overflow_statue_of_worship, uniq_crazy_yiuf_cottage,
          uniq_jessica

Skill      XL: |  1  2 |
---------------+-------+-----
Short Blades   | 1 2 |  2.3
Fighting       | |  1.5
Throwing       | |  3.6
Dodging        | |  1.5
Stealth        | |  0.3

Action                   || total
-------------------------++-------
Melee: Short sword       ||    74
  Use: Potion            ||     2
  Eat: Chunk             ||    12
Armor: Robe              ||    26
Dodge: Dodged            ||    45
